 Dungeon Crawl Stone Soup version 0.29-a0-284-gf9362112df (webtiles) character file.

Game seed: 9652635041629679823

95 avis the Ruffian (level 4, 0/38 HPs)
             Began as a Hill Orc Transmuter on Mar 17, 2022.
             Slain by a gnoll
             ... wielding a +0 club
              (5 damage)
             ... on level 1 of the Dungeon.
             The game lasted 00:10:22 (2231 turns).

avis the Ruffian (Hill Orc Transmuter)              Turns: 2231, Time: 00:10:22

Health: 0/38       AC:  2    Str: 12    XL:     4   Next: 66%
Magic:  5/6        EV: 12    Int: 15    God:
Gold:   34         SH:  0    Dex: 11    Spells: 2/6 levels left

rFire   . . .      SeeInvis .   g - +3 dagger
rCold   . . .      Faith    .   (no shield)
rNeg    . . .      Spirit   .   i - +0 robe {Will+}
rPois   .          Reflect  .   (helmet currently unavailable)
rElec   .          Harm     .   (no cloak)
rCorr   .          Rampage  .   (no gloves)
Will    +....                   (boots currently unavailable)
Stlth   +.........              (no amulet)
HPRegen 0.12/turn               (no ring)
MPRegen 0.10/turn               (no ring)

@: appendages
A: horns 2, talons 2
a: End Transformation


You were on level 1 of the Dungeon.
You had temporarily grown beastly horns and talons.
You visited 1 branch of the dungeon, and saw 2 of its levels.

You collected 34 gold pieces.

Inventory:

Hand Weapons
 g - a +3 dagger (weapon)
 l - a +0 spear
Missiles
 c - 174 stones
Armour
 i - a +0 robe of willpower (worn)
Scrolls
 e - 4 scrolls of teleportation {unknown}
 h - a scroll of enchant weapon {unknown}
 j - a scroll of holy word {unknown}
 k - 2 scrolls of immolation {unknown}
Potions
 a - a potion of haste {unknown}
 b - a potion of lignification
 d - 2 potions of curing {unknown}
 f - a potion of flight {unknown}


   Skills:
 - Level 3.0 Fighting
 - Level 2.0 Dodging
 * Level 4.9 Unarmed Combat
 - Level 1.5 Spellcasting
 - Level 1.3 Transmutations


You had 2 spell levels left.
You knew the following spells:

 Your Spells              Type           Power      Damage    Failure   Level
a - Beastly Appendage     Tmut           10%        N/A       13%         1
p - Spider Form           Tmut/Pois      3%         N/A       45%         3

Your spell library contained the following spells:

 Spells                   Type           Power      Damage    Failure   Level
 Wereblood                Tmut           5%         N/A       21%         2
 Ozocubu's Armour         Ice            1%         N/A       56%         3
 Ice Form                 Ice/Tmut       3%         N/A       86%         4
 Ozocubu's Refrigeration  Ice            0%         4d5       100%        7


Dungeon Overview and Level Annotations

Branches:
Dungeon (2/15)

Altars:
Elyvilon

Shops:
D:1 =


Innate Abilities, Weirdness & Mutations

You have temporarily grown beastly horns and talons.


Message History

The gnoll hits you with a +0 club. The gnoll hits you with a +0 spear.
You closely miss the gnoll.
The gnoll is moderately wounded.
The gnoll closely misses you. The gnoll hits you with a +0 spear.
You closely miss the gnoll.
The gnoll is moderately wounded.
The gnoll barely misses you. The gnoll hits you with a +0 spear.
Your magical contamination has completely faded away.
You barely miss the gnoll.
The gnoll is moderately wounded.
The gnoll hits you but does no damage. The gnoll barely misses you.
You closely miss the gnoll.
The gnoll is moderately wounded.
The gnoll barely misses you. The gnoll hits you but does no damage.
You hit the gnoll.
The gnoll is severely wounded.
The gnoll hits you with a +0 club. The gnoll closely misses you.
You hit the gnoll.
The gnoll is almost dead.
The gnoll closely misses you. The gnoll misses you.
You completely miss the gnoll.
The gnoll is almost dead.
The gnoll barely misses you. The gnoll closely misses you.
You closely miss the gnoll.
The gnoll is severely wounded.
The gnoll hits you with a +0 club. The gnoll hits you with a +0 spear.
* * * LOW HITPOINT WARNING * * *
You hit the gnoll.
You kill the gnoll!
The gnoll hits you with a +0 club.
* * * LOW HITPOINT WARNING * * *
Casting: Beastly Appendage (safe; 13% risk of failure)
Confirm with . or Enter, or press ? or * to list all spells.
You grow a pair of large bovine horns.
Your feet morph into talons.
The gnoll misses you.
You barely miss the gnoll. Your kick misses the gnoll.
The gnoll hits you with a +0 club.
* * * LOW HITPOINT WARNING * * *
The gnoll attacks as you move away! The gnoll hits you with a +0 club.
You die...

#..####.....## #.#.#...###
#.∩# #.......####.#...#....
#..# #.........##...#...###
#..# #.......#.###..##.##
#..###.....)##.))......#
#...........######..####
#..###.##.......##..# #..#
#.##)..###.##..#
#..###.##.@....^....#
#.........g........##
##.###.##........##########
#.# #.########.#####......
#.###.# ####...#####+
#.....# ##..#####≈≈≈§
#..#### ##.### #≈≈≈..§ #..#
#.## #...... #..# #.#
######'


You could see a gnoll.

Vanquished Creatures
  Jessica (D:2)
  An adder (D:2)
  A gnoll (D:1)
  2 dart slugs
  7 endoplasms
  3 giant cockroaches (D:1)
  5 hobgoblins (D:1)
  4 kobolds (D:1)
  3 ball pythons
  4 bats (D:1)
  2 frilled lizards
  6 goblins (D:1)
  4 rats
43 creatures vanquished.

Notes
Turn   | Place    | Note
-------+----------+-------------------------------------------
     0 | D:1      | avis the Hill Orc Transmuter began the quest for the Orb.
     0 | D:1      | Reached XP level 1. HP: 16/16 MP: 3/3
   262 | D:1      | Reached XP level 2. HP: 23/23 MP: 2/4
   302 | D:1      | Reached skill level 4 in Unarmed Combat
   589 | D:1      | Reached XP level 3. HP: 27/30 MP: 3/5
   621 | D:1      | Learned a level 3 spell: Spider Form
   864 | D:1      | Found a faded altar of an unknown god.
  1081 | D:1      | Found a white marble altar of Elyvilon.
  1274 | D:1      | Found Mapheiwy's Jewellery Emporium.
  1638 | D:2      | Noticed Jessica
  1643 | D:2      | Killed Jessica
  1644 | D:2      | Reached XP level 4. HP: 35/38 MP: 4/6
  2231 | D:1      | Slain by a gnoll

Illustrated notes

Levels and vault maps discovered:
D:1:      dpeg_arrival_morbid_curiosity, layout_loops_ring,
          ebering_ecumenical_altar_box, serial_shops, shop,
          kennysheep_flooded_box, roderic_nine_men_s_morris
D:2:      layout_basic, basic_altar, minmay_split_cup_small, uniq_jessica

Skill      XL: |  1  2  3 |
---------------+----------+-----
Unarmed Combat | 4 |  4.9
Fighting       | 2 3 |  3.0
Dodging        | 2 |  2.0
Spellcasting   | |  1.5
Transmutations | |  1.3

Action                   |  1- 3 |  4- 6 || total
-------------------------+-------+-------++-------
Melee: Unarmed           |    44 |       ||    44
       Kick              |    20 |     5 ||    25
       Headbutt          |     5 |     4 ||     9
       Dagger            |    29 |    29 ||    58
 Cast: Beastly Appendage |    28 |     8 ||    36
Armor: Robe              |    19 |     3 ||    22
Dodge: Dodged            |    34 |    17 ||    51

Table legend: (Time is in decaauts)
 A = Elapsed time spent in this place.
 B = Non-inter-level travel time spent in this place.
 C = Inter-level travel time spent in this place.
 D = Time resting spent in this place.
 E = Time spent auto-exploring this place.
 F = Levels seen in this place.
 G = Mean time per level.
                   A        B        C        D        E       F      G
               +--------+--------+--------+--------+--------+-----+--------+
         Total |   2231 |   2064 |    167 |    535 |    912 |   2 | 1115.5 |
       Dungeon |   2231 |   2064 |    167 |    535 |    912 |   2 | 1115.5 |
               +--------+--------+--------+--------+--------+-----+--------+

Top non-repeatable levels by time:
     D:1: 1583 daAuts
     D:2: 647 daAuts
